 Dungeon Crawl Stone Soup version 0.31-a0-818-ge7c7cf74f0 (webtiles) character file.

Game seed: 14590948319449461517

1017 LeprechaunX the Changeling (level 8, -1/81 HPs)
             Began as an Octopode Shapeshifter on Sept 22, 2023.
             Slain by a killer bee (7 damage)
             ... on level 8 of the Dungeon.
             The game lasted 00:05:11 (4317 turns).

LeprechaunX the Changeling (Octopode Shapeshifter)  Turns: 4317, Time: 00:05:12

Health: -1/81      AC: 24    Str: 15    XL:     8   Next: 22%
Magic:  8/8        EV:  2    Int: 12    God:
Gold:   218        SH:  0    Dex: 12    Spells: 7/7 levels left

rFire   . .          .
                       - Unarmed
rCold   . . .        (no shield)
rNeg    . . .        (helmet currently unavailable)
rPois   +            (no amulet)
rElec   .            h - +5 ring of evasion
rCorr   .            p - +4 ring of slaying
SInv    .            (no ring)
Will    .....        (no ring)
Stlth   +            (no ring)
HPRegen 0.33/turn    (no ring)
MPRegen 0.11/turn    (no ring)
                     (no ring)

%: no passive effects
@: tree-form, attractive
A: stationary, stasis, torment immunity, boosted hp, almost no armour,
(amphibious), 8 rings, (camouflage 1), (gelatinous body 1), (nimble swimmer 1),
(tentacles)
a: no special abilities


You were on level 8 of the Dungeon.
You were a tree.
You visited 2 branches of the dungeon, and saw 7 of its levels.

You collected 218 gold pieces.

Inventory:

Hand Weapons
 a - a +0 sling
Jewellery
 h - a +5 ring of evasion (left branch)
 p - a +4 ring of slaying (right branch)
Talismans
 b - a beast talisman
 c - a flux talisman
Wands
 n - a wand of flame (13)
Scrolls
 d - 9 scrolls of identify {unknown}
 e - a scroll of teleportation {unknown}
 g - a scroll of enchant armour {unknown}
 i - a scroll of amnesia {unknown}
 k - a scroll of acquirement {unknown}
 l - a scroll of noise {unknown}
Potions
 f - a potion of lignification
 j - 2 potions of attraction
 m - a potion of might {unknown}
 o - a potion of curing


   Skills:
 + Level 4.1 Fighting
 + Level 4.5 Dodging
 + Level 5.0 Unarmed Combat
 * Level 6.1 Shapeshifting


You had 7 spell levels left.
You didn't know any spells.
Your spell library contained the following spells:

 Spells                   Type           Power      Damage    Failure   Level
 Dazzling Flash           Conj/Hex       0%         N/A       69%         3
 Agony                    Necr           0%         N/A       100%        5
 Silence                  Hex/Air        0%         N/A       100%        5


Dungeon Overview and Level Annotations

Branches:
Dungeon (5/15)             Temple (1/1) D:5

Altars:
Elyvilon
Fedhas
Kikubaaqudgha
Makhleb
Sif Muna
Trog
Vehumet
Yredelemnul
The Shining One

Shops:
D:5 (

Annotations:
D:2 1 runed translucent door, Crazy Yiuf
D:8 Grum


Innate Abilities, Weirdness & Mutations

You are a tree.
Your roots penetrate the ground, keeping you stationary.
You cannot be teleported.
You are immune to unholy pain and torment.
Your maximum health is greatly increased.
You cannot wear most types of armour.
((You are amphibious.))
You can wear up to eight rings at the same time.
((Your skin changes colour to match your surroundings (Stealth+).))
((Your rubbery body absorbs attacks. (AC +1, EV +1)))
((You are camouflaged when in or above water. (Stealth+)))
((You have tentacles for arms and can constrict up to eight enemies at once.))


Message History

The killer bee is severely wounded.
You feel sick.
The killer bee stings you but does no damage. x2
The killer bee barely misses you.
The killer bee stings you but does no damage.
You smack the killer bee!
You kill the killer bee!
You feel sick.
The killer bee stings you but does no damage. x5
You closely miss the killer bee.
You feel sick.
The killer bee stings you but does no damage.
The killer bee barely misses you.
The killer bee stings you but does no damage.
The killer bee completely misses you. x2
The killer bee stings you but does no damage.
You hit the killer bee.
The killer bee is lightly wounded.
You feel sick.
The killer bee stings you but does no damage. x6
You smack the killer bee!
The killer bee is heavily wounded.
You feel sick. The killer bee stings you.
* * * LOW HITPOINT WARNING * * *
The killer bee barely misses you.
The killer bee stings you but does no damage. x2
The killer bee stings you.
* * * LOW HITPOINT WARNING * * *
It was a potion of attraction.
You feel attractive to monsters.
You feel sick.
You are no longer poisoned.
The killer bee stings you.
* * * LOW HITPOINT WARNING * * *
The killer bee stings you.
* * * LOW HITPOINT WARNING * * *
The killer bee stings you but does no damage. x4
It was a potion of curing.
You feel better.
The killer bee stings you but does no damage.
The killer bee completely misses you. The killer bee stings you!
You die...

.....#.....#
....##.....####
..............
#............# ##
#.........##.###...
#........(........#
#†.......!...### .#
.....#.....#...##.#.##
#....####..#..yy♣y...#
.#####
#..<...##y......
.....##
#.##..#..y......
.###..#
#.......(....... ##
##.###..........###..
#..##...##.....# .
#..##... .....#
#..##.<# ....## #..#


You could see 5 killer bees.

Vanquished Creatures
  Duvessa (D:4)
  An ice beast (D:5)
  A wolf (D:8)
  An ogre (D:4)
  A bullfrog (D:8)
  5 scorpions
  Dowan (D:4)
  A killer bee (D:8)
  2 iguanas (D:5)
  An orc wizard (D:5)
  7 adders
  2 dart slugs
  3 orcs
  7 ball pythons
  6 bats
  6 endoplasms
  4 giant cockroaches
  7 goblins
  9 hobgoblins
  8 jackals (D:1)
  6 quokkas
  3 frilled lizards
  6 kobolds
  3 rats
92 creatures vanquished.

Notes
Turn   | Place    | Note
-------+----------+-------------------------------------------
     0 | D:1      | LeprechaunX the Octopode Shapeshifter began the quest for
                  | the Orb.
     0 | D:1      | Reached XP level 1. HP: 13/13 MP: 1/1
   180 | D:1      | Reached XP level 2. HP: 18/18 MP: 2/2
   597 | D:1      | Reached XP level 3. HP: 15/23 MP: 3/3
  1305 | D:2      | Reached XP level 4. HP: 29/29 MP: 4/4
  1578 | D:2      | Found a runed translucent door.
  1579 | D:2      | Noticed Crazy Yiuf
  1962 | D:3      | Found a shimmering blue altar of Sif Muna.
  2594 | D:4      | Noticed a scorpion
  2602 | D:4      | Killed a scorpion
  2603 | D:4      | Reached skill level 4 in Shapeshifting
  2603 | D:4      | Reached XP level 5. HP: 33/34 MP: 5/5
  2807 | D:4      | Noticed an ogre
  2821 | D:4      | Killed an ogre
  2822 | D:4      | Reached XP level 6. HP: 41/41 MP: 6/6
  2829 | D:4      | Found a basalt altar of Yredelemnul.
  3103 | D:4      | Found a white marble altar of Elyvilon.
  3199 | D:4      | Noticed Dowan
  3201 | D:4      | Noticed Duvessa
  3394 | D:4      | Killed Duvessa
  3398 | D:4      | Killed Dowan
  3659 | D:5      | Entered Level 5 of the Dungeon
  3663 | D:5      | Reached skill level 5 in Shapeshifting
  3663 | D:5      | Reached XP level 7. HP: 37/46 MP: 7/7
  3830 | D:5      | Found a staircase to the Ecumenical Temple.
  3846 | Temple   | Entered the Ecumenical Temple
  3953 | D:5      | Found Kenot's Antique Weapon Shoppe.
  4199 | D:5      | You fall into a shaft and drop 3 floors!
  4216 | D:8      | Reached XP level 8. HP: 54/54 MP: 8/8
  4230 | D:8      | Reached skill level 5 in Unarmed Combat
  4230 | D:8      | Reached skill level 6 in Shapeshifting
  4234 | D:8      | Noticed Grum
  4316 | D:8      | HP: 1/81 [killer bee (4)]
  4317 | D:8      | Slain by a killer bee

Illustrated notes

Levels and vault maps discovered:
D:1:      minmay_arrival_checkered_box, layout_basic,
          dreamdust_princess_corridor
D:2:      layout_rooms, uniq_crazy_yiuf_cottage
D:3:      layout_basic, led_sif_pool
D:4:      layout_basic, kennysheep_ying_yang, uniq_duvessa
D:5:      layout_rooms, minmay_temple_entry_mini_moons, serial_shops,
          nicolae_square_shop, st_stairs_7
D:8:      layout_cave_pools, nicolae_hepliaklqana_hippocampus,
          minmay_gold_behind_fungi, uniq_maurice, uniq_grum
Temple:   nicolae_temple_stand_before_the_council

Skill      XL: |  1  2  3  4  5  6  7  8 |
---------------+-------------------------+-----
Fighting       | 2 3 4 |  4.1
Shapeshifting  | 4 5 6 |  6.1
Dodging        | 3 4 |  4.5
Unarmed Combat | 4 5 |  5.0

Action                     |  1- 3 |  4- 6 |  7- 9 || total
---------------------------+-------+-------+-------++-------
  Melee: Unarmed           |    59 |    91 |    50 ||   200
         Tentacles         |    10 |    20 |     9 ||    39
         Constrict         |    13 |    21 |    10 ||    44
         Punch             |     2 |     5 |     2 ||     9
   Fire: Sling             |       |    11 |     6 ||    17
    Use: Potion            |       |       |     3 ||     3
   Stab: Sleeping          |     4 |    10 |     4 ||    18
 Armour: Skin              |    28 |    27 |    50 ||   105
  Dodge: Dodged            |    48 |    62 |    53 ||   163

Table legend: (Time is in decaauts)
 A = Elapsed time spent in this place.
 B = Non-inter-level travel time spent in this place.
 C = Inter-level travel time spent in this place.
 D = Time resting spent in this place.
 E = Time spent auto-exploring this place.
 F = Levels seen in this place.
 G = Mean time per level.
                   A        B        C        D        E       F      G
               +--------+--------+--------+--------+--------+-----+--------+
         Total |   4303 |   3943 |    360 |    371 |   2909 |   7 |  614.7 |
       Dungeon |   4295 |   3935 |    360 |    371 |   2909 |   6 |  715.8 |
        Temple |      8 |      8 |      0 |      0 |      0 |   1 |    8.0 |
               +--------+--------+--------+--------+--------+-----+--------+

Top non-repeatable levels by time:
     D:1: 1114 daAuts
     D:4: 979 daAuts
     D:3: 938 daAuts
     D:2: 617 daAuts
     D:5: 527 daAuts
     D:8: 117 daAuts
  Temple: 8 daAuts
